[ AOE2 MATCH · #505809432 ]
UnrankedFranks vs Bengalis
Player's team · LOSS
Rival team · WIN
[ REPLAY ANALYSIS · EXTRACTED FROM THE RECORDED GAME ]
Feudal
9:29
Castle
24:36
Imperial
—
| APM avg | 48.9 |
| APM peak | 80 |
| eAPM avg | 24.0 |
| Villagers / military | 78 / 79 |
Focus
⚔️ 37.2% · 🌾 62.8%
Skirmisher ×45 · Knight ×23 · Monk ×8 · Cavalry Archer ×2 · Spearman ×1
Feudal
9:41
Castle
22:24
Imperial
42:24
| APM avg | 74.7 |
| APM peak | 120 |
| eAPM avg | 32.1 |
| Villagers / military | 134 / 167 |
Focus
⚔️ 31.4% · 🌾 68.6%
Archer ×89 · Elephant Archer ×44 · Militia ×8 · Armored Elephant ×7 · Trebuchet (Packed) ×6 · Mangonel ×5
Match map
Initial resources + every placement click. Lines = walls · curves = elevation contours. ◆ gold · ⬟ stone · ● berries · ✦ relic · ◌ wall gap
Your base· Open — 2t gap
[ECU] Michael's base· Open — unwalled flank
Smoothed initial terrain · ◌ = detected wall gap · hover for details
Inputs per minute
— HK | Foko_89 - - [ECU] Michael
Build order — HK | Foko_89
First 150 of 327 actions detected
| 0:00 | Queue | Villager (Male) |
| 0:01 | Queue | Villager (Male) |
| 0:01 | Queue | Villager (Male) |
| 0:02 | Build | House |
| 0:04 | Build | House |
| 1:24 | Queue | Villager (Male) |
| 1:24 | Queue | Villager (Male) |
| 1:24 | Queue | Villager (Male) |
| 1:50 | Queue | Villager (Male) |
| 1:50 | Queue | Villager (Male) |
| 1:55 | Build | Lumber Camp |
| 2:23 | Queue | Villager (Male) |
| 2:24 | Queue | Villager (Male) |
| 3:03 | Queue | Villager (Male) |
| 3:19 | Queue | Villager (Male) |
| 3:37 | Queue | Villager (Male) |
| 3:48 | Build | House |
| 3:49 | Build | House |
| 4:18 | Queue | Villager (Male) |
| 4:18 | Queue | Villager (Male) |
| 4:36 | Queue | Villager (Male) |
| 4:36 | Queue | Villager (Male) |
| 4:52 | Build | Mill |
| 5:04 | Queue | Villager (Male) |
| 5:24 | Queue | Villager (Male) |
| 5:42 | Queue | Villager (Male) |
| 5:43 | Queue | Villager (Male) |
| 5:44 | Research | Loom |
| 7:19 | Research | Feudal Age |
| 7:25 | Build | Palisade Wall |
| 7:35 | Build | Palisade Wall |
| 7:42 | Build | Mining Camp |
| 7:49 | Build | Palisade Wall |
| 7:50 | Build | Palisade Wall |
| 7:51 | Build | Palisade Wall |
| 7:57 | Build | Palisade Wall |
| 7:59 | Build | Palisade Wall |
| 8:00 | Build | Palisade Wall |
| 8:46 | Build | Palisade Wall |
| 9:29 | Age | Feudal Age |
| 9:30 | Research | Town Watch |
| 9:31 | Research | Double-Bit Axe |
| 9:31 | Research | Double-Bit Axe |
| 9:47 | Queue | Villager (Male) |
| 9:54 | Build | Palisade Gate |
| 10:08 | Build | House |
| 10:22 | Build | Palisade Wall |
| 10:24 | Build | Palisade Wall |
| 10:37 | Build | Palisade Wall |
| 10:39 | Build | Palisade Wall |
| 10:44 | Build | Palisade Gate |
| 10:47 | Build | Palisade Wall |
| 10:54 | Queue | Villager (Male) |
| 11:03 | Build | Farm |
| 11:11 | Build | Watch Tower |
| 11:40 | Queue | Villager (Male) |
| 11:40 | Queue | Villager (Male) |
| 11:42 | Build | Farm |
| 12:07 | Build | Palisade Wall |
| 12:07 | Build | Palisade Wall |
| 12:07 | Build | Palisade Wall |
| 12:08 | Build | Palisade Wall |
| 12:33 | Queue | Villager (Male) |
| 12:37 | Build | Farm |
| 12:37 | Build | Farm |
| 12:38 | Build | Farm |
| 12:40 | Build | Farm |
| 12:47 | Build | Palisade Wall |
| 13:02 | Queue | Villager (Male) |
| 13:16 | Build | Watch Tower |
| 13:26 | Build | Barracks |
| 13:28 | Queue | Villager (Male) |
| 13:32 | Build | Blacksmith |
| 13:50 | Queue | Villager (Male) |
| 14:23 | Queue | Spearman |
| 14:35 | Queue | Villager (Male) |
| 15:01 | Queue | Villager (Male) |
| 15:06 | Build | Archery Range |
| 15:09 | Build | Stone Wall |
| 15:15 | Queue | Villager (Male) |
| 15:27 | Build | Stone Wall |
| 15:42 | Queue | Villager (Male) |
| 15:57 | Build | House |
| 16:17 | Build | Stone Wall |
| 16:19 | Build | Stone Wall |
| 16:32 | Build | Farm |
| 16:34 | Build | Farm |
| 16:35 | Queue | Skirmisher |
| 16:39 | Queue | Villager (Male) |
| 16:46 | Queue | Villager (Male) |
| 16:58 | Queue | Villager (Male) |
| 17:00 | Queue | Skirmisher |
| 17:00 | Queue | Skirmisher |
| 17:19 | Build | Farm |
| 17:42 | Queue | Skirmisher |
| 17:54 | Queue | Villager (Male) |
| 17:59 | Build | Watch Tower |
| 18:02 | Build | House |
| 18:19 | Build | Watch Tower |
| 18:21 | Build | Palisade Wall |
| 18:24 | Build | Palisade Wall |
| 18:26 | Build | Palisade Wall |
| 18:28 | Build | Palisade Wall |
| 18:36 | Queue | Villager (Male) |
| 18:39 | Queue | Skirmisher |
| 18:40 | Queue | Skirmisher |
| 19:19 | Research | Fletching |
| 19:20 | Research | Fletching |
| 19:21 | Queue | Villager (Male) |
| 19:24 | Build | House |
| 19:26 | Build | House |
| 19:27 | Build | House |
| 19:42 | Build | Palisade Wall |
| 19:58 | Build | Farm |
| 20:00 | Build | Farm |
| 20:35 | Queue | Villager (Male) |
| 20:39 | Build | Mining Camp |
| 21:04 | Build | Watch Tower |
| 21:31 | Queue | Villager (Male) |
| 21:48 | Build | Watch Tower |
| 21:53 | Research | Castle Age |
| 21:54 | Research | Castle Age |
| 22:04 | Research | Padded Archer Armor |
| 22:37 | Queue | Skirmisher |
| 22:38 | Queue | Skirmisher |
| 22:38 | Queue | Skirmisher |
| 23:54 | Build | Watch Tower |
| 23:58 | Queue | Skirmisher |
| 24:05 | Build | Watch Tower |
| 24:36 | Age | Castle Age |
| 24:37 | Research | Bodkin Arrow |
| 24:38 | Research | Bodkin Arrow |
| 24:38 | Research | Bodkin Arrow |
| 24:40 | Queue | Villager (Male) |
| 24:51 | Queue | Villager (Male) |
| 24:52 | Queue | Villager (Male) |
| 25:22 | Build | Palisade Wall |
| 25:22 | Build | Palisade Wall |
| 25:23 | Build | Palisade Wall |
| 25:23 | Build | Palisade Wall |
| 25:23 | Build | Palisade Wall |
| 25:24 | Build | Palisade Wall |
| 25:24 | Build | Palisade Wall |
| 25:25 | Build | Palisade Wall |
| 25:25 | Build | Palisade Wall |
| 25:25 | Build | Palisade Wall |
| 25:26 | Build | Palisade Wall |
| 25:26 | Build | Palisade Wall |
| 25:26 | Build | Palisade Wall |
| 25:27 | Build | Palisade Wall |
Build order — [ECU] Michael
First 150 of 406 actions detected
| 0:00 | Queue | Villager (Male) |
| 0:01 | Queue | Villager (Male) |
| 0:01 | Queue | Villager (Male) |
| 0:01 | Queue | Villager (Male) |
| 0:02 | Build | House |
| 0:05 | Build | House |
| 1:22 | Queue | Villager (Male) |
| 1:23 | Queue | Villager (Male) |
| 1:52 | Queue | Villager (Male) |
| 1:53 | Queue | Villager (Male) |
| 2:03 | Build | Lumber Camp |
| 2:21 | Queue | Villager (Male) |
| 2:21 | Queue | Villager (Male) |
| 2:22 | Queue | Villager (Male) |
| 2:50 | Queue | Villager (Male) |
| 2:59 | Build | House |
| 3:00 | Queue | Villager (Male) |
| 3:01 | Queue | Villager (Male) |
| 3:32 | Queue | Villager (Male) |
| 3:32 | Queue | Villager (Male) |
| 4:00 | Queue | Villager (Male) |
| 4:00 | Queue | Villager (Male) |
| 4:20 | Queue | Villager (Male) |
| 4:20 | Queue | Villager (Male) |
| 4:52 | Queue | Villager (Male) |
| 4:53 | Queue | Villager (Male) |
| 5:01 | Build | Mill |
| 5:15 | Queue | Villager (Male) |
| 5:15 | Queue | Villager (Male) |
| 5:16 | Queue | Villager (Male) |
| 5:45 | Queue | Villager (Male) |
| 5:46 | Queue | Villager (Male) |
| 5:59 | Build | House |
| 6:05 | Queue | Villager (Male) |
| 6:05 | Queue | Villager (Male) |
| 6:27 | Queue | Villager (Male) |
| 6:28 | Research | Loom |
| 6:29 | Research | Loom |
| 6:37 | Build | Barracks |
| 7:21 | Build | House |
| 7:31 | Research | Feudal Age |
| 7:31 | Research | Feudal Age |
| 7:54 | Build | Mining Camp |
| 8:03 | Queue | Militia |
| 8:04 | Queue | Militia |
| 8:04 | Queue | Militia |
| 8:31 | Queue | Militia |
| 8:32 | Queue | Militia |
| 8:51 | Queue | Militia |
| 8:51 | Queue | Militia |
| 9:37 | Queue | Villager (Male) |
| 9:41 | Build | Palisade Wall |
| 9:41 | Age | Feudal Age |
| 9:53 | Research | Man-at-Arms (upgrade) |
| 9:54 | Research | Man-at-Arms (upgrade) |
| 10:28 | Queue | Villager (Male) |
| 10:28 | Queue | Villager (Male) |
| 10:30 | Build | Mill |
| 10:33 | Queue | Villager (Male) |
| 10:36 | Build | House |
| 10:37 | Build | House |
| 10:46 | Queue | Villager (Male) |
| 10:48 | Queue | Spearman |
| 11:05 | Queue | Villager (Male) |
| 11:08 | Build | Farm |
| 11:09 | Build | Farm |
| 11:25 | Queue | Villager (Male) |
| 11:27 | Build | House |
| 11:48 | Queue | Villager (Male) |
| 11:50 | Build | House |
| 12:07 | Queue | Villager (Male) |
| 12:11 | Build | Farm |
| 12:14 | Build | Palisade Wall |
| 12:15 | Build | Palisade Wall |
| 12:24 | Build | Lumber Camp |
| 12:37 | Queue | Villager (Male) |
| 12:42 | Build | Palisade Wall |
| 12:47 | Build | Palisade Wall |
| 12:47 | Build | Palisade Wall |
| 12:48 | Build | Palisade Wall |
| 12:48 | Build | Palisade Wall |
| 12:58 | Queue | Villager (Male) |
| 13:02 | Build | Palisade Gate |
| 13:08 | Build | Farm |
| 13:12 | Queue | Villager (Male) |
| 13:14 | Build | Farm |
| 13:24 | Build | Palisade Wall |
| 13:26 | Build | Palisade Wall |
| 13:40 | Queue | Villager (Male) |
| 13:43 | Build | Farm |
| 13:45 | Build | Farm |
| 13:45 | Queue | Villager (Male) |
| 13:49 | Build | Farm |
| 14:16 | Build | Palisade Wall |
| 14:39 | Queue | Villager (Male) |
| 14:41 | Build | Farm |
| 14:41 | Queue | Villager (Male) |
| 14:51 | Build | Watch Tower |
| 15:10 | Queue | Villager (Male) |
| 15:33 | Queue | Villager (Male) |
| 16:07 | Queue | Villager (Male) |
| 16:13 | Build | Archery Range |
| 16:58 | Queue | Villager (Male) |
| 17:15 | Queue | Archer |
| 17:16 | Queue | Archer |
| 17:20 | Queue | Villager (Male) |
| 17:24 | Build | Lumber Camp |
| 17:38 | Queue | Villager (Male) |
| 17:40 | Build | House |
| 17:47 | Queue | Archer |
| 17:48 | Queue | Villager (Male) |
| 18:23 | Build | Lumber Camp |
| 18:44 | Build | Mining Camp |
| 18:47 | Queue | Archer |
| 18:52 | Build | Blacksmith |
| 19:21 | Queue | Villager (Male) |
| 19:24 | Queue | Villager (Male) |
| 19:43 | Research | Castle Age |
| 19:43 | Research | Castle Age |
| 19:46 | Research | Fletching |
| 19:46 | Research | Padded Archer Armor |
| 19:46 | Research | Padded Archer Armor |
| 20:08 | Research | Gold Mining |
| 20:08 | Research | Gold Mining |
| 20:09 | Queue | Villager (Male) |
| 20:27 | Queue | Archer |
| 20:29 | Queue | Villager (Male) |
| 20:30 | Build | Farm |
| 20:30 | Build | Farm |
| 20:31 | Build | Farm |
| 20:31 | Build | Farm |
| 20:32 | Queue | Villager (Male) |
| 20:36 | Build | Archery Range |
| 20:36 | Queue | Villager (Male) |
| 20:49 | Queue | Archer |
| 20:49 | Queue | Archer |
| 21:12 | Queue | Militia |
| 21:34 | Build | Farm |
| 21:58 | Queue | Archer |
| 22:03 | Build | Farm |
| 22:18 | Queue | Archer ×2 |
| 22:19 | Queue | Archer ×2 |
| 22:23 | Queue | Villager (Male) |
| 22:24 | Age | Castle Age |
| 22:25 | Build | Farm |
| 22:26 | Build | Farm |
| 22:28 | Build | House |
| 22:36 | Research | Crossbowman (upgrade) |
| 22:36 | Research | Crossbowman (upgrade) |
| 22:49 | Research | Bodkin Arrow |
Match timeline
| 6:37 | [ECU] Michael · first_building Barracks |
| 7:25 | HK | Foko_89 · wall_segment Palisade Wall x6 |
| 7:35 | HK | Foko_89 · wall_segment Palisade Wall x15 |
| 7:49 | HK | Foko_89 · wall_segment Palisade Wall x1 |
| 7:50 | HK | Foko_89 · wall_segment Palisade Wall x1 |
| 7:51 | HK | Foko_89 · wall_segment Palisade Wall x1 |
| 7:57 | HK | Foko_89 · wall_segment Palisade Wall x1 |
| 7:59 | HK | Foko_89 · wall_segment Palisade Wall x1 |
| 8:00 | HK | Foko_89 · wall_segment Palisade Wall x1 |
| 8:46 | HK | Foko_89 · wall_segment Palisade Wall x11 |
| 9:29 | HK | Foko_89 · age_up feudal |
| 9:41 | [ECU] Michael · wall_segment Palisade Wall x1 |
| 9:41 | [ECU] Michael · age_up feudal |
| 10:22 | HK | Foko_89 · wall_segment Palisade Wall x1 |
| 10:24 | HK | Foko_89 · wall_segment Palisade Wall x1 |
| 10:37 | HK | Foko_89 · wall_segment Palisade Wall x1 |
| 10:39 | HK | Foko_89 · wall_segment Palisade Wall x1 |
| 10:47 | HK | Foko_89 · wall_segment Palisade Wall x1 |
| 12:07 | HK | Foko_89 · wall_segment Palisade Wall x2 |
| 12:07 | HK | Foko_89 · wall_segment Palisade Wall x1 |
| 12:07 | HK | Foko_89 · wall_segment Palisade Wall x1 |
| 12:08 | HK | Foko_89 · wall_segment Palisade Wall x2 |
| 12:14 | [ECU] Michael · wall_segment Palisade Wall x6 |
| 12:15 | [ECU] Michael · wall_segment Palisade Wall x7 |
| 12:42 | [ECU] Michael · wall_segment Palisade Wall x6 |
| 12:47 | [ECU] Michael · wall_segment Palisade Wall x1 |
| 12:47 | HK | Foko_89 · wall_segment Palisade Wall x1 |
| 12:47 | [ECU] Michael · wall_segment Palisade Wall x1 |
| 12:48 | [ECU] Michael · wall_segment Palisade Wall x1 |
| 12:48 | [ECU] Michael · wall_segment Palisade Wall x1 |
| 13:24 | [ECU] Michael · wall_segment Palisade Wall x1 |
| 13:26 | HK | Foko_89 · first_building Barracks |
| 13:26 | [ECU] Michael · wall_segment Palisade Wall x4 |
| 14:16 | [ECU] Michael · wall_segment Palisade Wall x1 |
| 15:06 | HK | Foko_89 · first_building Archery Range |
| 15:09 | HK | Foko_89 · wall_segment Stone Wall x1 |
| 15:27 | HK | Foko_89 · wall_segment Stone Wall x1 |
| 16:13 | [ECU] Michael · first_building Archery Range |
| 16:17 | HK | Foko_89 · wall_segment Stone Wall x1 |
| 16:19 | HK | Foko_89 · wall_segment Stone Wall x1 |
| 18:21 | HK | Foko_89 · wall_segment Palisade Wall x1 |
| 18:24 | HK | Foko_89 · wall_segment Palisade Wall x1 |
| 18:26 | HK | Foko_89 · wall_segment Palisade Wall x1 |
| 18:28 | HK | Foko_89 · wall_segment Palisade Wall x1 |
| 19:42 | HK | Foko_89 · wall_segment Palisade Wall x1 |
| 22:24 | [ECU] Michael · age_up castle |
| 24:36 | HK | Foko_89 · age_up castle |
| 25:15 | [ECU] Michael · first_market_sell 100 food |
| 25:16 | [ECU] Michael · first_market_buy 100 stone |
| 25:22 | HK | Foko_89 · wall_segment Palisade Wall x1 |
| 25:22 | HK | Foko_89 · wall_segment Palisade Wall x1 |
| 25:23 | HK | Foko_89 · wall_segment Palisade Wall x1 |
| 25:23 | HK | Foko_89 · wall_segment Palisade Wall x1 |
| 25:23 | HK | Foko_89 · wall_segment Palisade Wall x2 |
| 25:24 | HK | Foko_89 · wall_segment Palisade Wall x1 |
| 25:24 | HK | Foko_89 · wall_segment Palisade Wall x2 |
| 25:25 | HK | Foko_89 · wall_segment Palisade Wall x1 |
| 25:25 | HK | Foko_89 · wall_segment Palisade Wall x2 |
| 25:25 | HK | Foko_89 · wall_segment Palisade Wall x1 |
| 25:26 | HK | Foko_89 · wall_segment Palisade Wall x2 |
| 25:26 | HK | Foko_89 · wall_segment Palisade Wall x2 |
| 25:26 | HK | Foko_89 · wall_segment Palisade Wall x2 |
| 25:27 | HK | Foko_89 · wall_segment Palisade Wall x2 |
| 25:27 | HK | Foko_89 · wall_segment Palisade Wall x2 |
| 25:28 | HK | Foko_89 · wall_segment Palisade Wall x2 |
| 25:32 | [ECU] Michael · first_building Castle |
| 26:18 | [ECU] Michael · first_building Monastery |
| 26:34 | [ECU] Michael · first_building Siege Workshop |
| 26:40 | HK | Foko_89 · first_market_buy 100 stone |
| 28:02 | HK | Foko_89 · first_building Stable |
| 33:24 | HK | Foko_89 · first_building Monastery |
| 34:48 | HK | Foko_89 · first_market_sell 500 wood |
| 34:59 | HK | Foko_89 · first_building Castle |
| 42:24 | [ECU] Michael · age_up imperial |
| 47:00 | HK | Foko_89 · resign |
[ AI ANALYSIS · 1 CREDIT ]
What really happened in this match?
Wolo.gg analyzes every decision: build order, eco, micro, common mistakes by bracket. Personalized analysis on WhatsApp or Discord in 30 seconds.
Civ guide
Franks
Perfil
Jugador #6322725